Map: Ley Lines

Players

Vaisravana - Winner!

  • Race: Zerg Zerg
  • Spawn Location: 7:00

A.I. 2 (Very Easy)

  • Race: Protoss Protoss
  • Spawn Location: 1:00

VOD

Have the link to the VOD?

Description

Time

  • Played on: Aug. 9, 2025, 4:55 p.m.
  • Length: 4:51
Show
View Real Time Build Order
Export as new Build Order

Vaisravana Zerg - Winner!

Build Orders: Hatch First 

Get SALT Encoding   

  12  0:00  Drone  
  13  0:08  Drone  
  14  0:14  Extractor  
  14  0:15  Drone  
  15  0:29  Overlord  
  15  0:44  Hatchery  
  14  0:51  Drone x2  
  14  0:54  Drone  
  17  1:02  Extractor  
  16  1:11  Spawning Pool  
  16  1:15  Drone  
  16  1:18  Drone  
  17  1:28  Drone  
  18  1:50  Overlord  
  18  2:00  Queen  
  22  2:04  Extractor  
  22  2:06  Roach Warren  
  18  2:10  Metabolic Boost  
  18  2:13  Zergling x2  
  19  2:17  Zergling x6  
  22  2:31  Overlord  
  22  2:45  Roach x2  
  22  2:50  Roach  
  28  3:00  Roach  
  30  3:05  Ravager  
  30  3:06  Ravager  
  32  3:17  Ravager  
  32  3:18  Zergling x4  
  35  3:30  Zergling x4  
Show
View Real Time Build Order
Export as new Build Order

A.I. 2 (Very Easy) Protoss 

Build Orders: 1 Gate Expand, Nexus First 

Get SALT Encoding   

  12  0:00  Probe  
  13  0:13  Probe  
  14  0:19  Pylon  
  14  0:42  Gateway  
  14  1:01  Nexus  
  14  1:20  Pylon  
  14  1:21  Zealot  
  14  1:24  Assimilator  
  16  1:38  Probe, Cybernetics Core  
  17  1:51  Probe  
  18  2:00  Probe  
  18  2:02  Assimilator  
  18  2:06  Stalker  
  19  2:08  Probe  
  20  2:17  Probe, Warp Gate  
  23  2:25  Probe  
  24  2:33  Probe  
  25  2:40  Probe  
  26  2:50  Probe  
  27  2:56  Assimilator  
  27  2:57  Probe  
  28  2:58  Pylon  
  28  3:05  Probe  
  29  3:12  Probe  
  30  3:17  Robotics Facility  
  30  3:19  Probe  
  31  3:25  Probe  
  31  3:27  Zealot  
  34  3:34  Probe  
  34  3:38  Probe  
  22  3:50  Stalker  
  21  4:04  Observer  
  17  4:15  Probe  
Tags
 
Add a new tag
Caveats
  • Supply blocks, unpowered buildings, or Contaminate may cause inaccurate times.
  • Supply counts are checked every 10 seconds.